AoeStats
← ravlyik

Arabia

510975873Analyzed
1v1 RM · 6h ago on Oct 3, 2026· 42m 28s· 2 players
Game mode
Random Map
Map size
Tiny (2 player)
Population
200
Speed
Normal
Resources
Standard
Victory
Conquest
Starting age
Dark Age
Ending age
Imperial Age
RankedLock teamsTeams togetherTeam positionsShared explorationLock speedFull tech treeHidden civsTurbo modeCheats
Victory
Defeat
🇦🇷 Lithuanians · Argentina
947
+18
🇺🇦 Saxons · Ukraine
1000
-55
Hipster_Moses
11:03 Feudal Age
9:20 Loom
11:57 Town Watch
15:46 Castle Age
16:42 Double-Bit Axe
18:13 Wheelbarrow
18:59 Bow Saw
21:19 Horse Collar
23:36 Fletching
24:03 Heavy Plow
27:14 Hand Cart
31:28 Imperial Age
31:44 Forging
31:40 Scale Barding Armor
31:30 Bodkin Arrow
33:33 Two-Man Saw
33:59 Padded Archer Armor
36:16 Conscription
36:39 Hoardings
36:26 Thumb Ring
38:32 Chemistry
37:53 Ballistics
37:44 Masonry
37:58 Husbandry
38:37 Iron Casting
37:29 Elite Skirmisher
37:59 Capped Ram
38:10 Cavalier
39:01 Bloodlines
39:00 Bracer
39:17 Tower Shields
39:26 Gold Mining
41:00 Chain Barding Armor
40:55 Leather Archer Armor
43:33 Plate Barding Armor
42:24 Paladin
ravlyik
10:55 Feudal Age
12:44 Double-Bit Axe
13:05 Horse Collar
19:59 Castle Age
18:41 Wheelbarrow
19:33 Man-at-Arms
23:59 Bow Saw
23:56 Heavy Plow
25:18 Squires
25:11 Gambesons
25:33 Pikeman
25:35 Long Swordsman
29:38 Husbandry
29:50 Bloodlines
29:44 Light Cavalry
36:56 Imperial Age
37:11 Hussar
37:19 Two-Handed Swordsman
38:59 Forging
38:51 Scale Mail Armor
38:53 Padded Archer Armor
38:44 Fletching
39:01 Scale Barding Armor
39:51 Hoardings
39:39 Conscription
38:41 Shield Wall
38:53 Sappers
39:58 Champion
40:17 Elite Skirmisher
41:06 Thumb Ring
40:24 Cranequins
41:08 Murder Holes
41:35 Ballistics
41:27 Masonry
Connection lost

Rejoining the realm…

Still unreachable

The connection could not be restored.

Session expired

The server has moved on; the page needs a fresh start.